Match 29939262
Unlisted

Match 29939262
End
Selects Italian Combined Arms Battlegroup
Selects Bersaglieri Squad
Bersaglieri Squad
Kradschützen Motorcycle Team
Bersaglieri Squad
Construct Light Support Kompanie
2.5-tonne Medical Truck
Selects Bersaglieri Bolster
Bersaglieri Squad
Construct Mechanized Kompanie
Selects Breda Model 30 Light Machine Guns
Veteran Squad Leaders
Vehicle Survival Package
MG34 Team
Construct Panzerarmee Kommand
▼△BlueSkid™△▼
Nicko
Captain_Frog
K. Ronaldo
0
0

Comments sign in to comment!

No comments posted yet!